 Dungeon Crawl Stone Soup version 0.28-a0-1117-g0bdd5ba030 (webtiles) character file.

Game seed: 757582421285105206

75 ducksouse the Sneak (level 4, -3/27 HPs)
             Began as an Octopode Fire Elementalist on Dec 11, 2021.
             Killed from afar by an orc wizard (4 damage)
             ... with a magic dart
             ... on level 4 of the Dungeon.
             The game lasted 00:11:36 (3089 turns).

ducksouse the Sneak (Octopode Fire Elementalist)    Turns: 3089, Time: 00:11:36

Health: -3/27      AC:  1    Str:  7    XL:     4   Next: 31%
Magic:  1/7        EV: 13    Int: 19    God:
Gold:   141        SH:  0    Dex: 12    Spells: 2/8 levels left

rFire   . . .      SeeInvis .   l - staff of air
rCold   . . .      Faith    .   (no shield)
rNeg    . . .      Spirit   .   h - +0 hat
rPois   .          Reflect  .   (no amulet)
rElec   +          Harm     .   j - ring of resist corrosion
rCorr   +          Rampage  .   (no ring)
Will    .....                   (no ring)
Stlth   +++.......              (no ring)
HPRegen 0.09/turn               (no ring)
MPRegen 0.10/turn               (no ring)
                                (no ring)
                                (no ring)

@: no status effects
A: almost no armour, amphibious, 8 rings, camouflage 1, gelatinous body 1,
(nimble swimmer 1), tentacles
a: no special abilities


You were on level 4 of the Dungeon.
You visited 1 branch of the dungeon, and saw 4 of its levels.

You collected 141 gold pieces.

Inventory:

Hand Weapons
 d - a +0 great mace
 g - a +2 dagger of speed
Missiles
 q - 2 boomerangs
Armour
 h - a +0 hat (worn)
Magical Staves
 l - a staff of air (weapon)
Jewellery
 j - a ring of resist corrosion (left tentacle)
Wands
 s - a wand of flame (25)
Scrolls
 a - a scroll of fog {unknown}
 f - 3 scrolls of teleportation {unknown}
 i - 2 scrolls of identify {unknown}
 m - a scroll of vulnerability {unknown}
 o - a scroll of summoning {unknown}
 p - a scroll of torment {unknown}
 r - a scroll of enchant weapon {unknown}
Potions
 b - 2 potions of heal wounds {unknown}
 c - 2 potions of attraction {unknown}
 e - a potion of haste {unknown}
 k - a potion of brilliance {unknown}
 n - a potion of cancellation {unknown}
 t - 2 potions of might {unknown}
 u - a potion of degeneration {unknown}


   Skills:
 + Level 2.5 Dodging
 + Level 3.7 Stealth
 + Level 2.5 Spellcasting
 + Level 1.9 Conjurations
 + Level 3.5 Fire Magic


You had 2 spell levels left.
You knew the following spells:

 Your Spells              Type           Power      Damage    Failure   Level
a - Foxfire               Conj/Fire      48%        2x1d6     5%          1
b - Scorch                Fire           30%        2d7       6%          2
c - Conjure Flame         Conj/Fire      12%        6-21      16%         3

Your spell library contained the following spells:

 Spells                   Type           Power      Damage    Failure   Level
 Inner Flame              Hex/Fire       9%         N/A       24%         3
 Flame Wave               Conj/Fire      12%        2d5       45%         4


Dungeon Overview and Level Annotations

Branches:
Dungeon (4/15)
 Temple: D:4-7

Altars:
Qazlal

Shops:
D:1 =


Innate Abilities, Weirdness & Mutations

You cannot wear most types of armour.
You are amphibious.
You can wear up to eight rings at the same time.
Your skin changes colour to match your surroundings (Stealth+).
Your rubbery body absorbs attacks. (AC +1, EV +1)
((You are camouflaged near water. (Stealth+)))
You have tentacles for arms and can constrict up to eight enemies at once.


Message History

There is an open door here.
Flames lash the iguana.
The iguana hisses angrily.
The iguana is moderately wounded.
The iguana's fire resistance burns away.
You hear a shout!
You miscast Scorch.
You are very lightly contaminated with residual magic.
Nothing appears to happen.
The iguana misses you.
You hit the iguana. You grab the iguana.
The iguana is heavily wounded.
You constrict the iguana. The iguana bites you!
You hit the iguana but do no damage.
The iguana is heavily wounded.
You constrict the iguana.
The iguana is no longer more vulnerable to fire.
An orc wizard comes into view. It is wielding a +0 dagger.
The iguana bites you.
You release your grip on the iguana.
The iguana bites you.
There is an open door, spattered with blood here.
Your magical contamination has completely faded away.
You are too injured to fight recklessly!
You are too injured to fight recklessly!
Casting: Scorch (safe; 6% risk of failure)
Confirm with . or Enter, or press ? or * to list all spells.
Flames lash the iguana.
The iguana is severely wounded.
The iguana's fire resistance burns away.
You hear a shout!
The iguana misses you.
The orc wizard mumbles some strange words.
The orc wizard flickers and vanishes!
Deactivating autopickup; reactivate with Ctrl-A.
The iguana is no longer more vulnerable to fire.
The iguana barely misses you. The iguana bites you!
* * * LOW HITPOINT WARNING * * *
A magic dart appears from out of thin air!
The magic dart hits you.
You die...

#.#.# #.#.# ##.#.# ..#.# .
#########.#{#
....####.........#.#
.......)...........#######
##+#####..#####..........#
## ......#!??#@l........#
.########..#[$(#..........#
.'.........#[![#........#.#
.########..#####..#.#.#.# #
.# #.........#.#.#.# .#
#.....(.........# .#
######.####.#.## .# #.#
.#.# .# #.# #


You could see an iguana.

Vanquished Creatures
  Jessica (D:3)
  A hound skeleton (D:4)
  A worm (D:3)
  2 dart slugs (D:1)
  5 endoplasms
  A giant cockroach (D:3)
  A goblin (D:1)
  3 hobgoblins
  4 quokkas
  2 ball pythons
  A bat (D:1)
  2 frilled lizards (D:1)
  3 kobolds
  3 rats
30 creatures vanquished.

Vanquished Creatures (others)
  15 foxfires (D:1)
15 creatures vanquished.

Grand Total: 45 creatures vanquished

Notes
Turn   | Place    | Note
-------+----------+-------------------------------------------
     0 | D:1      | ducksouse the Octopode Fire Elementalist began the quest
                  | for the Orb.
     0 | D:1      | Reached XP level 1. HP: 11/11 MP: 3/3
    30 | D:1      | Found a faded altar of an unknown god.
   137 | D:1      | Reached XP level 2. HP: 9/17 MP: 1/5
   175 | D:1      | Learned a level 2 spell: Scorch
   995 | D:1      | Found Gairaeng's Jewellery Boutique.
  1899 | D:2      | Found a stormy altar of Qazlal.
  2166 | D:3      | Reached XP level 3. HP: 21/21 MP: 1/6
  2353 | D:3      | Learned a level 3 spell: Conjure Flame
  2399 | D:3      | Noticed Jessica
  2401 | D:3      | Killed Jessica
  2543 | D:3      | Reached XP level 4. HP: 25/27 MP: 7/7
  3088 | D:4      | HP: 1/27 [iguana (10)]
  3089 | D:4      | Killed from afar by an orc wizard

Illustrated notes

Levels and vault maps discovered:
D:1:      minmay_arrival_shattered_statue, layout_loops_ring,
          hellmonk_ecumenical_altar_leap_of_faith, serial_shops, shop
D:2:      layout_basic, basic_altar
D:3:      layout_rooms, minmay_fractal_squares_diagonal_5, uniq_jessica
D:4:      layout_basic, grunt_temple_overflow_open, due_unseen_surprise

Skill      XL: |  1 |
---------------+----+-----
Stealth        | 3 |  3.7
Dodging        | |  2.5
Spellcasting   | |  2.5
Conjurations   | |  1.9
Fire Magic     | |  3.5

Action                   |  1- 3 |  4- 6 || total
-------------------------+-------+-------++-------
Melee: Great mace        |     9 |       ||     9
       Constrict         |     5 |     1 ||     6
       Staff             |    18 |     2 ||    20
       Tentacles         |     2 |       ||     2
 Cast: Foxfire           |    19 |       ||    19
       Scorch            |    13 |     9 ||    22
       Conjure Flame     |     1 |       ||     1
 Stab: Sleeping          |     2 |       ||     2
Armor: Skin              |     5 |     1 ||     6
Dodge: Dodged            |    33 |     5 ||    38

Table legend: (Time is in decaauts)
 A = Elapsed time spent in this place.
 B = Non-inter-level travel time spent in this place.
 C = Inter-level travel time spent in this place.
 D = Time resting spent in this place.
 E = Time spent auto-exploring this place.
 F = Levels seen in this place.
 G = Mean time per level.
                   A        B        C        D        E       F      G
               +--------+--------+--------+--------+--------+-----+--------+
         Total |   3097 |   3097 |      0 |    584 |   1205 |   4 |  774.2 |
       Dungeon |   3097 |   3097 |      0 |    584 |   1205 |   4 |  774.2 |
               +--------+--------+--------+--------+--------+-----+--------+

Top non-repeatable levels by time:
     D:1: 1351 daAuts
     D:3: 822 daAuts
     D:2: 813 daAuts
     D:4: 109 daAuts
